[Event "*** Titled Tuesday 3|2 Blitz"]
[Site "Chess.com"]
[Date "2016.02.02"]
[Round "3"]
[White "Gabrielian_Artur"]
[Black "vovkcoach"]
[Result "1-0"]
[WhiteElo "2504"]
[BlackElo "2540"]
[TimeControl "180+2"]
[EndTime "11:42:58 PST"]
[Termination "Gabrielian_Artur won by resignation"]

1. e4 c5 2. c3 Nf6 3. e5 Nd5 4. Bc4 e6 5. Nf3 Nc6 6. O-O d6 7. exd6 Bxd6 8. d4 cxd4 9. cxd4 O-O 10. Nc3 Nxc3 11. bxc3 Qc7 12. Bd3 Bf4 13. Re1 Bxc1 14. Rxc1 h6 15. Nd2 Bd7 16. Qh5 Rad8 17. Re3 f5 18. Rce1 Be8 19. Qe2 Bf7 20. Bc4 e5 21. dxe5 Bxc4 22. Qxc4+ Kh7 23. Nf3 Qe7 24. h4 Rd7 25.
Nd4 Qxh4 26. e6 Nxd4 27. cxd4 Qxd4 28. Qb3 Re7 29. Rd3 Qf6 30. Rd7 Rfe8 31. Rd6 b6 32. Qd5 h5 33. Re5 g6 34. a4 h4 35. Qd4 Kh6 36. Qf4+ Qg5 37. Qd4 Rc7 38. Kh2 Rce7 39. Rd7 Qf6 40. Rd6 Qg5 41. Rc6 Qg4 42. Qe3+ Qg5 43. Qd4 Qf6 44. Qd6 Qg5 45. Re3 f4 46. Re5 Qg4 47. Qd5 g5 48. Qe4 Qh5 49. Rd6 Qg6 50.
Qd5 Qf6 51. Rf5 Qg6 52. Re5 Qf6 53. f3 Qg6 54. Kh3 Qf6 55. Kg4 h3 56. gxh3 Rg8 57. Qe4 Rh8 58. Qf5 Qg6 59. Qxg6+ Kxg6 60. Rxg5+ Kf6 61.
Rf5+ Kg6 62. Rxf4 Rh5 63. Kg3 Re5 64. Re4 Kf6 65. Kf4 Rf5+ 66. Ke3 Rh5 67. h4 Re5 68.
Rxe5 Kxe5 69. Rd7 Rxe6 70. Rxa7 Kf5+ 71. Kf2 Kg6 72. Ra6 Kh5 73. Kg3 Rg6+ 74. Kf4 Kxh4 75.
a5 Rf6+ 76. Ke5 Kg5 77. axb6 Rxf3 78. b7 Rb3 79. Ra7 Rb6 80. Kd5 Kf5 81. Kc5 Rb1 82.
Kd6 Kf6 83. Kc7 Rc1+ 84. Kb8 Ke7 85. Ka8 1-0

[Event "*** Titled Tuesday 3|2 Blitz"]
[Site "Chess.com"]
[Date "2016.02.02"]
[Round "3"]
[White "davidarenas1224"]
[Black "MateusViageiro"]
[Result "1-0"]
[WhiteElo "2229"]
[BlackElo "2164"]
[TimeControl "180+2"]
[EndTime "11:42:59 PST"]
[Termination "davidarenas1224 won by resignation"]

1. e4 c5 2. Nf3 d6 3. d4 cxd4 4. Nxd4 Nf6 5. Nc3 a6 6. Be2 e5 7.
Nb3 Be7 8. O-O O-O 9. Kh1 b6 10. a4 Bb7 11. f3 d5 12. exd5 Nxd5 13. Nxd5 Qxd5 14. Be3 Qe6 15. Qe1 Nd7 16. Qf2 Rfc8 17. Bd3 Nc5 18. Nxc5 bxc5 19. b3 Bd5 20. c4 Bb7 21.
Rad1 Rab8 22. Rd2 Ba8 23. Bc2 f5 24. Rfd1 f4 25. Rd7 fxe3 26. Qxe3 Bc6 27. Ra7 Ra8 28. Bf5 Qxf5 29. Rxe7 Rd8 30. Re1 Qf4 31. Qxc5 Bxf3 32. Qf2 Bh5 33. Qb6 Qd2 34. R7xe5 Bg6 35. h3 Rab8 36.
Qa7 Rxb3 37. Re7 Qd4 38. Re8+ Bxe8 39. Rxe8+ Rxe8 40. Qxd4 h6 41. c5 Rb1+ 42. Kh2 Rc1 43. Qd6 Kh8 44. Qxa6 Rf8 45. c6 Rf6 46. Qa8+ Kh7 47. c7 Rfc6 48. Qe8 Rxc7 49. Qe4+ g6 50. Qd5 Rg7 51. a5 Rcc7 52. Qd4 Rcd7 53. Qc3 Rgf7 54. a6 Ra7 55. Qc4 Rfd7 56. h4 h5 57. Qb5 Rd6 58. g4 hxg4 59. Kg3 Rdxa6 60. h5 Ra3+ 61. Kxg4 R3a4+ 62. Kg3 Ra3+ 63. Kg2 Ra2+ 64. Kg3 R7a3+ 65. Kg4 Ra4+ 66. Kg3 R2a3+ 67. Kf2 Ra2+ 68. Ke3 R4a3+ 69. Kd4 Ra4+ 70. Kc3 R4a3+ 71. Kc4 Ra4+ 72. Kc3 R2a3+ 73. Kb2 Ra2+ 74. Kc3 R4a3+ 75. Kc4 Rc2+ 76. Kd4 Rd2+ 77. Ke4 gxh5 78. Qxh5+ Kg7 79. Qg5+ Kf7 80. Qxd2 Ra4+ 81. Kf5 Ra7 82. Qd5+ Ke7 83. Qc5+ 1-0

[Event "*** Titled Tuesday 3|2 Blitz"]
[Site "Chess.com"]
[Date "2016.02.02"]
[Round "3"]
[White "Iball95"]
[Black "Viaje"]
[Result "1-0"]
[WhiteElo "2384"]
[BlackElo "2146"]
[TimeControl "180+2"]
[EndTime "11:43:29 PST"]
[Termination "Iball95 won by resignation"]

1. e4 c5 2. Nf3 d6 3. Bb5+ Bd7 4. Bxd7+ Qxd7 5. c4 Nf6 6. Nc3 g6 7. d4 cxd4 8. Nxd4 Bg7 9. O-O O-O 10. Be3 Rc8 11.
b3 Ng4 12. Bg5 Nc6 13. Nde2 h6 14. Bh4 a6 15. h3 Nf6 16. Rc1 Rab8 17. Bxf6 Bxf6 18.
Nd5 b5 19. Nxf6+ exf6 20. Nf4 bxc4 21. Rxc4 Ne5 22. Rxc8+ Rxc8 23. Nd5 Kg7 24. f4 Nc6 25. Qd3 a5 26. Rd1 Nb4 27. Nxb4 axb4 28. Qxd6 Qa7+ 29. Qd4 Qxa2 30. e5 fxe5 31. fxe5 Rc2 32. e6+ Kh7 33. Qd5 Qa7+ 34. Kh1 fxe6 35. Qxe6 Rc7 36. Qd6 Qb7 37. Rd4 Qa7 38. Kh2 Rb7 39. Rg4 Rb6 40. Qe5 Qd7 41. Rd4 Qa7 42. h4 h5 43. Kg3 Qf7 44. Rd3 Rb7 45.
Rf3 Qd7 46. Kh2 Qg4 47. Rf4 Qd1 48.
Qe4 Qd7 49. Rf6 Qg7 50. Re6 Qf7 51. Re5 Kh6 52. Qe3+ Kg7 53. Qe4 Kh6 54. Re6 Kg7 55. Re5 Kh6 56. Rg5 Qc7+ 57. Kh3 Qf7 58. Qe3 Kg7 59. Qd4+ Kh6 60. Kh2 Qc7+ 61. Kh3 Qc8+ 62. Kh2 Qc7+ 63. Rg3 Kh7 64. Qe4 Qf7 65. Rg5 Qc7+ 66. Kg1 Qc1+ 67. Kh2 Qc7+ 68. Rg3 Qf7 69. Qe5 Qd7 70. Rf3 Kg8 71. Rf6 Kh7 72. Rd6 Qf7 73. Qe4 Qc7 74. Kg1 Qxd6 75. Qxb7+ Kh6 76. Qf3 Qd4+ 77. Qf2 Qa1+ 78. Kh2 Qe5+ 79. g3 Qc3 80. Qf4+ Kh7 81. Qf7+ Kh6 82. Kg2 Qd2+ 83. Kf3 Qc3+ 84. Kg2 Qd2+ 85. Qf2 Qc3 86. Qf3 Kg7 87. Kf2 Qc2+ 88.
Kg1 Qd2 89. Qb7+ Kg8 90. Qc8+ Kg7 91. Qc7+ Kg8 92. Qc4+ Kg7 93. Kf1 Qd1+ 94. Kf2 Qd2+ 95. Kf3 Qe1 96. Kf4 Kh7 97. Qd3 Kg7 98. Qe3 Qf1+ 99. Ke4 Qf5+ 100. Kd4 Qb5 101. Qe7+ Kg8 102. Qe6+ Kg7 103. Qd5 Qf1 104. Qe5+ Kh7 105. Kc5 Qc1+ 106. Kxb4 Qd2+ 107. Kc4 Qc2+ 108. Kb4 Qd3 109. Qe7+ Kh6 110. Qf8+ Kh7 111. Qf7+ Kh6 112. Qf4+ Kg7 113. Ka3 Kg8 114. Qc4+ Qxc4 115. bxc4 1-0

[Event "*** Titled Tuesday 3|2 Blitz"]
[Site "Chess.com"]
[Date "2016.02.02"]
[Round "4"]
[White "Imre91"]
[Black "amaidel"]
[Result "0-1"]
[WhiteElo "2490"]
[BlackElo "2421"]
[TimeControl "180+2"]
[EndTime "11:47:04 PST"]
[Termination "amaidel won by resignation"]

1. c4 e5 2. g3 Nf6 3. Bg2 d5 4. cxd5 Nxd5 5. Nc3 Nb6 6. a3 Be7 7. b4 O-O 8. Nf3 Nc6 9. O-O f6 10. b5 Nd4 11. a4 Be6 12. Rb1 c5 13. bxc6 bxc6 14.
d3 Rc8 15. Bd2 c5 16. a5 Nd5 17. Qa4 Nxc3 0-1

[Event "*** Titled Tuesday 3|2 Blitz"]
[Site "Chess.com"]
[Date "2016.02.02"]
[Round "4"]
[White "manubibi"]
[Black "GianmarcoVaR"]
[Result "0-1"]
[WhiteElo "2405"]
[BlackElo "2241"]
[TimeControl "180+2"]
[EndTime "11:47:59 PST"]
[Termination "GianmarcoVaR won by resignation"]

1. e4 c6 2. d4 d5 3. Nd2 dxe4 4. Nxe4 Bf5 5. Ng3 Bg6 6. h4 h6 7. Nf3 Nd7 8. h5 Bh7 9. Bd3 Bxd3 10. Qxd3 e6 11. Bf4 Qa5+ 12. Bd2 Bb4 13. c3 Be7 14. c4 Qc7 15. O-O-O Ngf6 16. Kb1 O-O 17. Ne4 b5 18. c5 Rfd8 19. g4 Nxg4 20. Rhg1 f5 21. Qb3 Nf8 22. Rxg4 fxg4 23. Ne5 Rxd4 24. Bf4 Rxe4 25.
Nxc6 Qxc6 0-1

[Event "*** Titled Tuesday 3|2 Blitz"]
[Site "Chess.com"]
[Date "2016.02.02"]
[Round "4"]
[White "APL2001"]
[Black "the_drake"]
[Result "1-0"]
[WhiteElo "2149"]
[BlackElo "2008"]
[TimeControl "180+2"]
[EndTime "11:48:28 PST"]
[Termination "APL2001 won by resignation"]

1. e4 e5 2. Nf3 Nc6 3. Bb5 a6 4. Ba4 Nf6 5. d4 exd4 6. O-O b5 7.
Bb3 d5 8. exd5 Nxd5 9. Nxd4 Nxd4 10. Qxd4 Be6 11. Re1 Be7 12. Qxg7 Bf6 13. Qg3 Qd7 14.
Qf3 Be7 15. Nc3 Nxc3 16. Qxa8+ Bd8 17. bxc3 Rg8 18. Bxe6 fxe6 19. Bf4 Kf7 20. Rad1 Qe7 21. Qc6 Qh4 22. Qxe6+ 1-0

[Event "*** Titled Tuesday 3|2 Blitz"]
[Site "Chess.com"]
[Date "2016.02.02"]
[Round "4"]
[White "Sawyer2908"]
[Black "RamonManon0g"]
[Result "1-0"]
[WhiteElo "2266"]
[BlackElo "2127"]
[TimeControl "180+2"]
[EndTime "11:48:31 PST"]
[Termination "Sawyer2908 won by resignation"]

1. e4 c5 2. Nf3 d6 3. d4 cxd4 4. Nxd4 Nf6 5. Nc3 a6 6. h3 e5 7. Nde2 h5 8. Bg5 Be7 9. Ng3 h4 10. Nf5 Bxf5 11. exf5 Nc6 12. Bc4 Nd4 13. O-O Nxf5 14.
Qf3 Nd4 15. Qxb7 Nxc2 16. Bxf6 gxf6 17. Qd5 Rh7 18. Qe4 Rg7 19. Qxc2 Rb8 20. Bd5 Qd7 21. Kh1 f5 22. Rac1 Bg5 23. Ne4 Kf8 24. Nxg5 Rxg5 25. Qc7 Qxc7 26. Rxc7 Rxb2 27. Rxf7+ Ke8 28. Rc1 Rb8 29.
Rh7 1-0

[Event "*** Titled Tuesday 3|2 Blitz"]
[Site "Chess.com"]
[Date "2016.02.02"]
[Round "4"]
[White "Dr-Bassem"]
[Black "Keranke"]
[Result "1-0"]
[WhiteElo "2461"]
[BlackElo "2519"]
[TimeControl "180+2"]
[EndTime "11:48:51 PST"]
[Termination "Dr-Bassem won by resignation"]

1. e4 g6 2. d4 Bg7 3. Nc3 d6 4. Be3 a6 5. a4 b6 6. Qd2 Bb7 7. h4 h6 8. f3 c5 9. Bc4 Nc6 10.
Nge2 cxd4 11. Nxd4 Ne5 12. Bb3 Rc8 13. h5 g5 14. Nf5 Bf8 15. Rd1 Nf6 16. Qd4 Rc5 17. a5 Nc6 18. Qa4 Rxa5 19. Qc4 Ne5 20. Qb4 b5 21.
Qd4 Nc6 22. Qb6 b4 23. Qxb7 1-0

[Event "*** Titled Tuesday 3|2 Blitz"]
[Site "Chess.com"]
[Date "2016.02.02"]
[Round "4"]
[White "ZEN-22"]
[Black "Colombiano07"]
[Result "1-0"]
[WhiteElo "2339"]
[BlackElo "2170"]
[TimeControl "180+2"]
[EndTime "11:49:07 PST"]
[Termination "ZEN-22 won by resignation"]

1. d3 Nf6 2. g3 g6 3. Bg2 Bg7 4. Nf3 O-O 5. e4 d5 6. e5 Nfd7 7.
d4 c5 8. c4 cxd4 9. cxd5 Nxe5 10. Nxd4 Bg4 11. Qd2 Qd7 12. h3 Bf5 13. g4 Nd3+ 14. Kf1 Bxd4 15. gxf5 Qxf5 16. Rh2 Nxc1 17. Qxd4 Qc2 18. Nc3 Qxb2 19. Rb1 Qc2 20. Be4 Nc6 21.
dxc6 Rfd8 22. Bxc2 Rxd4 23. cxb7 Rb8 24. Rxc1 Rxb7 25.
Bb3 Rd2 26. Ne4 Rb2 27. Rg2 a5 28. f4 a4 29. Rxb2 1-0

[Event "*** Titled Tuesday 3|2 Blitz"]
[Site "Chess.com"]
[Date "2016.02.02"]
[Round "4"]
[White "KNVB"]
[Black "Mornar1951"]
[Result "0-1"]
[WhiteElo "2394"]
[BlackElo "2621"]
[TimeControl "180+2"]
[EndTime "11:49:27 PST"]
[Termination "Mornar1951 won on time"]

1. d4 Nf6 2. c4 e6 3. Nc3 Bb4 4. Qc2 O-O 5. Nf3 c5 6. dxc5 Na6 7. g3 Nxc5 8. Bg2 b6 9. O-O Bb7 10. Bf4 Bxc3 11. Qxc3 Rc8 12. Rfd1 d5 13. Qa3 a5 14.
Nd4 Qe7 15. Nb5 Rfd8 16. Rac1 h6 17. b3 e5 18. Bd2 d4 19. Bxb7 Qxb7 20. Be1 Nfe4 21. f3 Ng5 22. Bf2 d3 23. Bxc5 bxc5 24. Kf2 dxe2 0-1

[Event "*** Titled Tuesday 3|2 Blitz"]
[Site "Chess.com"]
[Date "2016.02.02"]
[Round "4"]
[White "Rating-Schmating"]
[Black "LADIESGET2KNOWME"]
[Result "0-1"]
[WhiteElo "2148"]
[BlackElo "2325"]
[TimeControl "180+2"]
[EndTime "11:49:39 PST"]
[Termination "LADIESGET2KNOWME won by resignation"]

1. e4 e6 2. d4 d5 3. Nd2 Nf6 4. Bd3 c5 5. exd5 exd5 6. dxc5 Bxc5 7. Ngf3 O-O 8. O-O Nc6 9. Nb3 Bb6 10. Bg5 h6 11.
Bh4 Bg4 12. Be2 Re8 13. Qd2 g5 14. Bg3 Ne4 15. Qd3 Qf6 16. c3 Rad8 17. Rae1 h5 18. h3 Bxf3 19. Qxf3 Qxf3 20. Bxf3 Nxg3 21. Rxe8+ Rxe8 22. Rd1 Ne4 23. Bxe4 dxe4 24. Rd7 Re7 25. Rd5 f6 26. Kf1 Kf7 27. a4 Ke6 28. Rd2 Rd7 29.
Re2 Kf5 30. Nd2 Ne5 31. b3 Rd3 32. Ke1 Rxc3 33. Nxe4 Rxb3 34. Nd6+ Ke6 35. Nc4 Rb1+ 36. Kd2 Ra1 37. g3 Ra2+ 38. Kd1 Rxe2 39. Nxb6 Rxf2 0-1

[Event "*** Titled Tuesday 3|2 Blitz"]
[Site "Chess.com"]
[Date "2016.02.02"]
[Round "4"]
[White "Iball95"]
[Black "jcgs1030"]
[Result "1-0"]
[WhiteElo "2388"]
[BlackElo "2197"]
[TimeControl "180+2"]
[EndTime "11:49:42 PST"]
[Termination "Iball95 won by resignation"]

1. e4 c5 2. Nf3 d6 3. Bb5+ Nc6 4. O-O Bd7 5. Re1 a6 6. Bf1 Bg4 7. h3 Bh5 8. c3 Ne5 9. g4 Bg6 10. d4 Nxf3+ 11. Qxf3 e5 12. Be3 Nf6 13. Nd2 h5 14. g5 Nd7 15. h4 Be7 16. Rad1 Qa5 17. Nc4 Qxa2 18. dxc5 dxc5 19. Rxd7 Kxd7 20. Nxe5+ Kc8 21. Bf4 b6 22. Qh3+ Qe6 23. Nxg6 Re8 24. Nxe7+ Rxe7 25. Qxe6+ fxe6 26. Bd6 Rd7 27. e5 Rd8 28. Rd1 Kd7 29.
Bxc5+ Kc6 30. Bd6 1-0

[Event "*** Titled Tuesday 3|2 Blitz"]
[Site "Chess.com"]
[Date "2016.02.02"]
[Round "4"]
[White "Spinaltap"]
[Black "Er_is_geen_hoop_meer"]
[Result "0-1"]
[WhiteElo "2382"]
[BlackElo "2314"]
[TimeControl "180+2"]
[EndTime "11:50:02 PST"]
[Termination "Er_is_geen_hoop_meer won by resignation"]

1. d4 Nf6 2. c4 g6 3. f3 Bg7 4. e4 d6 5. Be3 O-O 6. Ne2 c5 7. d5 b5 8. cxb5 a6 9. Nec3 e6 10. dxe6 fxe6 11. Nd2 Nbd7 12. Qb3 Ne5 13. a4 g5 14. Be2 Nh5 15. g3 d5 16. Bxc5 d4 17.
Nd1 d3 18. Bf1 Nxf3+ 19. Nxf3 Rxf3 20. Kd2 axb5 21. Bh3 bxa4 22. Bxe6+ Kh8 23. Qd5 Qa5+ 24. Kc1 Bxe6 25. Qxg5 Bh6 26. Qxh6 Qxc5+ 27. Nc3 Qe3+ 28. Qxe3 Rxe3 29. Kd2 Rf3 30. Rxa4 Rxa4 31. Nxa4 Bc4 32. Nc5 Rf2+ 33. Kc3 Rc2+ 34. Kd4 d2 0-1

[Event "*** Titled Tuesday 3|2 Blitz"]
[Site "Chess.com"]
[Date "2016.02.02"]
[Round "4"]
[White "Makalexa"]
[Black "maciek_92"]
[Result "0-1"]
[WhiteElo "2066"]
[BlackElo "2465"]
[TimeControl "180+2"]
[EndTime "11:50:25 PST"]
[Termination "maciek_92 won by resignation"]

1. e4 c5 2. Nf3 d6 3. d4 cxd4 4.
Nxd4 Nf6 5. Nc3 a6 6. Be3 e5 7. Nb3 Be7 8. Qd2 O-O 9. O-O-O b5 10. Kb1 Be6 11. f4 b4 12. Nd5 Nxe4 13. Qxb4 Bxd5 14. Rxd5 Nf6 15. Bc4 Nc6 16. Qe1 Nxd5 17. Bxd5 Rc8 18.
Qf2 Bf6 19. Rd1 Qe7 20. f5 Nb4 21. Be4 d5 22. a3 dxe4 23. axb4 Rfd8 24. Rxd8+ Qxd8 25. Bc5 Qd1+ 26. Ka2 Bg5 27. Qg3 Bf4 28. Qh3 Qxc2 29.
f6 Rd8 30. Qg4 g6 31. g3 h5 32. Qh3 Bg5 33. g4 Rd3 0-1

[Event "*** Titled Tuesday 3|2 Blitz"]
[Site "Chess.com"]
[Date "2016.02.02"]
[Round "4"]
[White "HansCoolNiemann"]
[Black "kesarev"]
[Result "1-0"]
[WhiteElo "2228"]
[BlackElo "2177"]
[TimeControl "180+2"]
[EndTime "11:50:34 PST"]
[Termination "HansCoolNiemann won by checkmate"]

1. d4 d5 2. c4 e6 3. Nc3 a6 4. e4 dxc4 5. Bxc4 b5 6. Bb3 Bb7 7.
d5 exd5 8. Bxd5 Bxd5 9. Qxd5 Qxd5 10. Nxd5 Bd6 11. Nf3 Ne7 12. Nxe7 Kxe7 13. O-O f6 14. Nd4 g6 15. Be3 c5 16. Nb3 Nd7 17. Rfd1 Rhc8 18. Rd2 c4 19. Rad1 cxb3 20. Rxd6 Ne5 21.
axb3 Rd8 22. Bc5 Rxd6 23. Bxd6+ Ke6 24. Bc5 a5 25. f4 Nf7 26. g4 Rc8 27. b4 a4 28. Rd5 g5 29. f5# 1-0

[Event "*** Titled Tuesday 3|2 Blitz"]
[Site "Chess.com"]
[Date "2016.02.02"]
[Round "4"]
[White "SabinoBrunello"]
[Black "rikyshi"]
[Result "1-0"]
[WhiteElo "2484"]
[BlackElo "2069"]
[TimeControl "180+2"]
[EndTime "11:50:34 PST"]
[Termination "SabinoBrunello won on time"]

1. d4 Nf6 2. c4 g6 3. Nc3 Bg7 4.
e4 d6 5. Be2 O-O 6. Bg5 c6 7. Nf3 Nbd7 8. O-O Qc7 9. Rc1 e5 10. d5 a5 11. Nd2 Nc5 12. b3 h6 13.
Be3 Na6 14. a3 Ne8 15. Na4 f5 16. Nb6 Rb8 17. Nxc8 Rxc8 18. exf5 gxf5 19. f4 e4 20. g4 Bb2 21. gxf5 cxd5 22. Rb1 Bxa3 23. cxd5 Bc5 24.
Bxc5 1-0

[Event "*** Titled Tuesday 3|2 Blitz"]
[Site "Chess.com"]
[Date "2016.02.02"]
[Round "4"]
[White "Tesla37"]
[Black "kleinebeer98"]
[Result "1-0"]
[WhiteElo "2564"]
[BlackElo "2448"]
[TimeControl "180+2"]
[EndTime "11:50:35 PST"]
[Termination "Tesla37 won by resignation"]

1. e4 c5 2. Nf3 d6 3. Nc3 Nf6 4. d4 cxd4 5. Qxd4 Nc6 6. Bb5 Bd7 7.
Bxc6 Bxc6 8. Bg5 e6 9. Qd3 Be7 10. O-O-O O-O 11. Nd4 Rc8 12. f4 Qc7 13. h4 b5 14. e5 dxe5 15. Nxc6 Qxc6 16. fxe5 Rfd8 17. Qxb5 Qxb5 18. Nxb5 Nd5 19. Bxe7 Nxe7 20. Nxa7 Rxd1+ 21. Rxd1 Ra8 22. Rd7 Ng6 23. Nc6 Nxh4 24. b4 Nxg2 25. b5 h5 26. b6 h4 27. b7 Re8 28. b8=Q Rxb8 29. Nxb8 Ne3 30. Rd3 Nc4 31. Nc6 g5 32.
a4 g4 33. Rd4 Ne3 34. Kd2 Nf1+ 35. Ke2 Nh2 36. a5 g3 37. Rxh4 g2 38. Kf2 g1=Q+ 39.
Kxg1 Nf3+ 40. Kf2 Nxh4 41. a6 1-0

[Event "*** Titled Tuesday 3|2 Blitz"]
[Site "Chess.com"]
[Date "2016.02.02"]
[Round "4"]
[White "Danirod"]
[Black "ikhasu"]
[Result "1-0"]
[WhiteElo "2383"]
[BlackElo "2154"]
[TimeControl "180+2"]
[EndTime "11:50:43 PST"]
[Termination "Danirod won by resignation"]

1. e4 c5 2. Nf3 Nc6 3. c3 d6 4. d4 Nf6 5. Nbd2 g6 6. a3 Bg7 7. Bd3 O-O 8. O-O Qc7 9. h3 b6 10. Re1 Nd7 11. d5 Nce5 12. Bb5 a6 13. Bxd7 Nxd7 14.
a4 Bb7 15. Nc4 b5 16. Ne3 Rfb8 17. Ng4 b4 18. Bh6 Bh8 19. Bg5 Ne5 20. Nfxe5 dxe5 21. cxb4 cxb4 22. Rc1 Qd6 23. Qf3 f6 24. Be3 h5 25.
Nh6+ Kf8 26. Qg3 f5 27. exf5 Bxd5 28. fxg6 Bf6 29. Nf5 Qe6 30. g7+ Kg8 31. Qg6 1-0

[Event "*** Titled Tuesday 3|2 Blitz"]
[Site "Chess.com"]
[Date "2016.02.02"]
[Round "4"]
[White "igorkovalenko"]
[Black "Smirnov_Pavel"]
[Result "1-0"]
[WhiteElo "2538"]
[BlackElo "2523"]
[TimeControl "180+2"]
[EndTime "11:50:47 PST"]
[Termination "igorkovalenko won by resignation"]

1. d4 d5 2. c4 e6 3. Nc3 c6 4. e3 Nf6 5. Nf3 Nbd7 6. Qc2 Bd6 7. b3 O-O 8. Bb2 Qe7 9. h3 Re8 10. g4 e5 11. g5 Ne4 12. Nxe4 dxe4 13. Qxe4 Bb4+ 14.
Ke2 f5 15. gxf6 Nxf6 16. Qxe5 Qf7 17. Qh2 Qg6 18. Rc1 Bf5 19. Rg1 Bd3+ 20. Kd1 Qf5 21. Be2 Rf8 22. Qg2 Nh5 23. d5 Rf7 24. Ne5 Bxe2+ 25. Kxe2 Re7 26. Qg5 Rf8 27. Qxf5 Rxf5 28.
Nd3 Bd6 29. c5 Bb8 30. d6 Ref7 31. f4 Rd5 32. b4 1-0

[Event "*** Titled Tuesday 3|2 Blitz"]
[Site "Chess.com"]
[Date "2016.02.02"]
[Round "4"]
[White "Hikaru"]
[Black "lorcho"]
[Result "1/2-1/2"]
[WhiteElo "2861"]
[BlackElo "2629"]
[TimeControl "180+2"]
[EndTime "11:50:49 PST"]
[Termination "Game drawn by agreement"]

1. g3 d5 2. Bg2 c6 3. Nf3 Nf6 4. d3 Bf5 5. Nh4 Bc8 6. Nd2 h6 7.
e4 e5 8. O-O Bd6 9. b3 O-O 10.
Bb2 Bg4 11. f3 Be6 12. f4 Bc5+ 13. Kh1 Ng4 14. f5 Ne3 15. Qh5 Bc8 16. f6 Bg4 17.
Qxe5 Nd7 18. Qf4 g5 19. Qf2 Nd1 20. Qe1 Nxb2 21. Nf5 Bxf5 22. Rxf5 Re8 23. Rb1 Bd4 24.
Nf3 Bxf6 25. e5 Nxd3 26. cxd3 Bg7 27. d4 f6 28. h4 fxe5 29. hxg5 e4 30. Nh2 hxg5 31.
Qe3 Rf8 32. Rxg5 Nf6 33. Bh3 Nh7 34. Rh5 Qe8 35. Rh4 Qg6 36. Rg4 Qf6 37. Rf1 Qd6 38.
Rd1 Qf6 39. Rf1 Qd6 40. Rd1 Qf6 1/2-1/2

[Event "*** Titled Tuesday 3|2 Blitz"]
[Site "Chess.com"]
[Date "2016.02.02"]
[Round "4"]
[White "chessloveyou"]
[Black "Nutflush"]
[Result "1-0"]
[WhiteElo "2091"]
[BlackElo "1887"]
[TimeControl "180+2"]
[EndTime "11:50:52 PST"]
[Termination "chessloveyou won on time"]

1. d4 Nf6 2. Nf3 e6 3. g3 c5 4. Bg2 d5 5. O-O Nc6 6. b3 Be7 7.
Bb2 O-O 8. Nbd2 b6 9. Rc1 Bb7 10.
Re1 Rc8 11. c3 Qc7 12. Qc2 Qb8 13. Qb1 cxd4 14. Nxd4 Nxd4 15. cxd4 Bb4 16. Red1 Ba6 17. Bf1 Rxc1 18. Qxc1 Rc8 19. Qb1 Qc7 20. Rc1 Bxd2 21. Rxc7 Rxc7 22. f3 Be3+ 23. Kg2 h6 24. Ba3 Bd2 25.
Bd6 Rc1 26. Qb2 Be3 27. Bf4 Bxf4 28. gxf4 Rc7 29. Kf2 Bb7 30. Qa3 a6 31. Qd6 Rc6 32.
Qd8+ Kh7 33. Qe7 Bc8 34. Qxf7 1-0

[Event "*** Titled Tuesday 3|2 Blitz"]
[Site "Chess.com"]
[Date "2016.02.02"]
[Round "4"]
[White "IMRosen"]
[Black "kharposh"]
[Result "1-0"]
[WhiteElo "2256"]
[BlackElo "2072"]
[TimeControl "180+2"]
[EndTime "11:51:19 PST"]
[Termination "IMRosen won by checkmate"]

1. Nf3 Nf6 2. d4 d5 3. Bf4 Bf5 4. c4 dxc4 5. e3 e6 6. Bxc4 Bb4+ 7. Nbd2 O-O 8. O-O Bd6 9. Ne5 Nbd7 10. Ndf3 Nh5 11. Rc1 Nxf4 12. exf4 c6 13. Re1 Nb6 14. Bb3 Nd5 15. g3 Rc8 16. Qd2 Qe7 17. a3 Rfd8 18. Ba2 h6 19. Nh4 Bh7 20. f5 Bxe5 21. Rxe5 Qg5 22.
f4 Qg4 23. fxe6 fxe6 24. Rce1 Rd6 25. Qg2 Rf8 26. h3 Nxf4 27. hxg4 Nxg2 28. Kxg2 Rxd4 29.
Rxe6 Kh8 30. Re8 Rd2+ 31. R1e2 Rxe8 32. Rxd2 Be4+ 33. Kf2 g5 34. Nf5 Rf8 35. Be6 Rf6 36. Rd8+ Kh7 37. Rd7+ Kh8 38. Re7 h5 39. Ke3 Bb1 40.
Re8+ Kh7 41. Bg8+ Kg6 42. gxh5+ Kxh5 43. Nd4 Kg4 44. Ne2 Rf3+ 45. Kd2 Rf2 46. Be6+ Kf3 47. Rf8+ Kg2 48. Bh3+ Kxh3 49. Rxf2 Be4 50. Ke3 Bd5 51. Rf5 g4 52. Kf2 Bc4 53. Rh5# 1-0

[Event "*** Titled Tuesday 3|2 Blitz"]
[Site "Chess.com"]
[Date "2016.02.02"]
[Round "4"]
[White "AlexanderL"]
[Black "tac49"]
[Result "1-0"]
[WhiteElo "2586"]
[BlackElo "2459"]
[TimeControl "180+2"]
[EndTime "11:51:24 PST"]
[Termination "AlexanderL won by resignation"]

1. d4 Nf6 2. c4 g6 3. Nc3 Bg7 4.
e4 d6 5. Nf3 O-O 6. Be2 e5 7. O-O Nbd7 8. Be3 Qe7 9. d5 Nc5 10.
Nd2 a5 11. a3 a4 12. Bxc5 dxc5 13. Nxa4 Bh6 14. Nc3 Ne8 15. Qc2 Nd6 16. b4 b6 17.
bxc5 bxc5 18. a4 f5 19. Bd3 Qg5 20. Nb3 Qe7 21. Nxc5 Nxc4 22. Ne6 Bxe6 23. Bxc4 Bf7 24. Nb5 Qc5 25. Bb3 Qxc2 26. Bxc2 Rfc8 27. exf5 Bxd5 28. fxg6 Bc4 29. gxh7+ Kg7 30. Rfe1 Rab8 31. Rxe5 1-0

[Event "*** Titled Tuesday 3|2 Blitz"]
[Site "Chess.com"]
[Date "2016.02.02"]
[Round "4"]
[White "Dlugy"]
[Black "Gabrielian_Artur"]
[Result "1-0"]
[WhiteElo "2573"]
[BlackElo "2493"]
[TimeControl "180+2"]
[EndTime "11:51:29 PST"]
[Termination "Dlugy won by resignation"]

1. d4 Nf6 2. Bf4 g6 3. Nc3 Bg7 4. e4 d6 5. Qd2 O-O 6. Bh6 e5 7. Bxg7 Kxg7 8. O-O-O exd4 9. Qxd4 Nc6 10. Qe3 Re8 11.
f3 Be6 12. Nge2 d5 13. Qc5 Nd7 14. Qa3 dxe4 15. Nxe4 Qe7 16. Qc3+ f6 17. Nf4 Nde5 18. Nxe6+ Qxe6 19. Kb1 Rad8 20. Bb5 a6 21. Ba4 Qe7 22. Nc5 b5 23. Bb3 b4 24. Qe3 Rd6 25. Nxa6 Red8 26. Rde1 Nd4 27. Nxb4 Nf5 28. Qc3 Nh4 29. f4 Nxg2 30. fxe5 Nxe1 31. exd6 1-0

[Event "*** Titled Tuesday 3|2 Blitz"]
[Site "Chess.com"]
[Date "2016.02.02"]
[Round "4"]
[White "GMVar"]
[Black "GeorgMeier"]
[Result "1-0"]
[WhiteElo "2716"]
[BlackElo "2674"]
[TimeControl "180+2"]
[EndTime "11:51:30 PST"]
[Termination "GMVar won by resignation"]

1. d4 Nf6 2. c4 e6 3. Nf3 d5 4. Nc3 Be7 5. g4 Nc6 6. g5 Ne4 7. Bg2 O-O 8. h4 Nxc3 9. bxc3 dxc4 10. h5 Rb8 11. h6 g6 12. e4 b5 13. O-O f6 14. gxf6 Bxf6 15. Be3 a6 16. e5 Be7 17. Nd2 Bb7 18. Qg4 Rf5 19. Ne4 Qf8 20. Ng3 Na5 21. Bxb7 Rxb7 22. Rfb1 c6 23. Nxf5 Qxf5 24. Qxf5 exf5 25.
e6 Kf8 26. Kg2 Bf6 27. Bf4 Ke7 28. Re1 Ra7 29. Re2 Ra8 30. Bc7 Nb7 31. a4 Rc8 32.
axb5 axb5 33. Bb6 Kd6 34. Ra7 Rb8 35. e7 Bxe7 36. Bc5+ Nxc5 37. dxc5+ Kxc5 1-0

[Event "*** Titled Tuesday 3|2 Blitz"]
[Site "Chess.com"]
[Date "2016.02.02"]
[Round "4"]
[White "AnthonyWirig"]
[Black "stefanodinn"]
[Result "1-0"]
[WhiteElo "2523"]
[BlackElo "2130"]
[TimeControl "180+2"]
[EndTime "11:51:51 PST"]
[Termination "AnthonyWirig won by resignation"]

1. e4 e5 2. Nf3 Nc6 3. Bc4 Bc5 4.
c3 Nf6 5. d4 exd4 6. e5 d5 7.
Bb5 Ne4 8. cxd4 Bb6 9. h3 O-O 10.
O-O Bd7 11. Ba4 f6 12. Bb3 Be6 13. Nc3 Nxc3 14. bxc3 fxe5 15. dxe5 Kh8 16. Nd4 Nxd4 17.
cxd4 Qh4 18. Be3 c6 19. f4 Bf5 20. Bc2 Bxh3 21. f5 Bg4 22. Qe1 Qh5 23. Rf4 g5 24.
Rf1 Rae8 25. Qg3 h6 26. a4 Be2 27. Rf2 Qg4 28. Qxg4 Bxg4 29. e6 Kg7 30. Rb1 Re7 31.
Bd3 Bh5 32. g3 Bg4 33. Kg2 Bh5 34. Kh3 Be8 35. g4 Bd8 36. Kg2 Rc7 37. Rc2 Bf6 38. Bf2 h5 39. Bg3 Re7 40. Bd6 1-0